 Dungeon Crawl Stone Soup version 0.31-a0-1447-g87ca8d402b (webtiles) character file.

Game seed: 11198554935383957100

81 Aldia the Conjurer (level 4, -6/25 HPs)
             Began as a Deep Elf Conjurer on Dec 27, 2023.
             Mangled by a gnoll
             ... wielding a +0 whip
             ... led by a gnoll bouda
              (10 damage)
             ... on level 3 of the Dungeon.
             The game lasted 00:05:12 (1983 turns).

Aldia the Conjurer (Deep Elf Conjurer)              Turns: 1983, Time: 00:05:13

Health: -6/25      AC:  2    Str:  4    XL:     4   Next: 20%
Magic:  11/11      EV: 27    Int: 31    God:
Gold:   80         SH:  0    Dex: 13    Spells: 3/10 levels left

rFire   . . .        d - +0 dagger
rCold   . . .        (no shield)
rNeg    . . .        a - +0 robe
rPois   .            (no helmet)
rElec   .            (no cloak)
rCorr   .            (no gloves)
SInv    .            (no boots)
Will    .....        h - amulet of the acrobat
Stlth   ++           i - +6 ring of intelligence
HPRegen 0.24/turn    (no ring)
MPRegen 0.12/turn

%: acrobat
@: weakened, acrobatic
A: no striking features
a: no special abilities


You were on level 3 of the Dungeon.
You visited 1 branch of the dungeon, and saw 3 of its levels.

You collected 80 gold pieces.

Inventory:

Hand Weapons
 d - a +0 dagger (weapon)
Armour
 a - a +0 robe (worn)
Magical Staves
 l - a staff of death
Jewellery
 h - an amulet of the acrobat (around neck)
 i - a +6 ring of intelligence (left hand)
Scrolls
 c - a scroll of fog {unknown}
 k - a scroll of enchant weapon {unknown}
 m - a scroll of blinking {unknown}
 n - a scroll of torment {unknown}
 o - a scroll of fear {unknown}
 p - a scroll of silence {unknown}
 q - a scroll of teleportation {unknown}
Potions
 b - 2 potions of magic
 e - a potion of attraction
 f - a potion of curing {unknown}
 g - 2 potions of heal wounds
 j - 2 potions of berserk rage


   Skills:
 - Level 1.1 Fighting
 + Level 2.4 Dodging
 - Level 3.3 Stealth
 + Level 3.8 Spellcasting
 * Level 5.2 Conjurations
 + Level 0.0 Alchemy


You had 3 spell levels left.
You knew the following spells:

 Your Spells              Type           Power      Damage    Failure   Level
a - Magic Dart            Conj           100%       1d8       1%          1
b - Searing Ray           Conj           76%        2d7       1%          2
c - Fulminant Prism       Conj/Alch      11%        3d9       21%         4

Your spell library contained the following spells:

 Spells                   Type           Power      Damage    Failure   Level
 Momentum Strike          Conj/Tloc      44%        3d9       3%          2
 Blink                    Tloc           10%        N/A       10%         2
 Jinxbite                 Hex            10%        N/A       10%         2
 Lesser Beckoning         Tloc           10%        N/A       10%         2
 Iskenderun's Mystic Bla  Conj/Tloc      22%        2d6       21%         4
 Yara's Violent Unravell  Hex/Alch       3%         3d4       86%         5
 Enfeeble                 Hex            2%         N/A       100%        7


Dungeon Overview and Level Annotations

Branches:
Dungeon (3/15)

Altars:
Xom


Message History

You now have 80 gold pieces (gained 12).
Found an escape hatch in the floor.
The gnoll bouda shouts!
The gnoll shouts!
You hear a shout! x2
The gnoll bouda barks out a call to the hunt!
The gnoll picks up the pace!
Casting: Magic Dart (safe; 1% risk of failure)
Confirm with . or Enter, or press ? or * to list all spells.
Aiming: Fulminant Prism (astonishingly dangerous; 21% risk of failure)
Press: ? - help, Dir - move target You miscast Fulminant Prism.
You are very lightly contaminated with residual magic.
Energy rips through your body!
The gnoll bouda gazes fiercely through you!
You feel your attacks grow feeble.
Your magical contamination has completely faded away.
The gnoll bouda gazes fiercely through you!
You feel as though you will be weak longer.
The gnoll is no longer moving quickly.
The gnoll bouda barks out a call to the hunt!
The gnolls pick up the pace!
The gnoll shouts!
Your attacks no longer feel as feeble.
You hear a shout!
The gnoll attacks as it pursues you! The gnoll hits you with a +0 whip!
The gnoll completely misses you. The gnoll attacks as it pursues you!
The gnoll misses you. The gnoll hits you with a +0 whip!
* * * LOW HITPOINT WARNING * * *
The gnoll shouts!
The gnoll completely misses you.
The gnoll is no longer moving quickly.
The gnoll completely misses you. The gnoll misses you.
The gnoll bouda gazes fiercely through you!
You feel your attacks grow feeble. The gnoll hits you with a +0 whip.
* * * LOW HITPOINT WARNING * * *
The gnoll bouda barks out a call to the hunt!
The gnolls pick up the pace!
The gnoll hits you with a +0 whip!
You die...

#... ...#.
#########.####.##.
#...#.g...g....#..
#.#####.#.#g###.#.g.....
.......<..#.#...#...##.#
#.#####.#.#g#.>.#....g..
#.#.#.#...#.###g.#
#.#.#g#...#......#
######@#.......#####.##
........gg.g.........g..
#######...#.#..######.##
........#.#..#.....gg.
######..#.#..#.....)#.
#..#.###########.
#..#.....g.g.g...
#..############## #..#


You could see a gnoll bouda and 2 gnolls.

Vanquished Creatures
  A gnoll (D:2)
  3 adders (D:2)
  2 dart slugs (D:2)
  An orc (D:3)
  2 bats
  2 endoplasms
  A giant cockroach (D:2)
  3 goblins (D:2)
  5 hobgoblins (D:2)
  3 jackals (D:2)
  A quokka (D:2)
  6 ball pythons
  5 kobolds
  4 rats
39 creatures vanquished.

Notes
Turn   | Place    | Note
-------+----------+-------------------------------------------
     0 | D:1      | Aldia the Deep Elf Conjurer began the quest for the Orb.
     0 | D:1      | Reached XP level 1. HP: 10/10 MP: 6/6
   602 | D:2      | Reached XP level 2. HP: 16/16 MP: 2/8
   753 | D:2      | Learned a level 2 spell: Searing Ray
   902 | D:2      | Reached XP level 3. HP: 20/20 MP: 4/9
   964 | D:2      | Reached skill level 5 in Conjurations
  1101 | D:2      | Reached skill level 1 in Fighting
  1174 | D:2      | Found a shimmering altar of Xom.
  1454 | D:2      | Reached XP level 4. HP: 25/25 MP: 7/11
  1677 | D:2      | Learned a level 4 spell: Fulminant Prism
  1983 | D:3      | Mangled by a gnoll

Illustrated notes

Levels and vault maps discovered:
D:1:      lightli_arrival_maybe_door_vault, layout_rooms
D:2:      layout_basic, basic_altar, chequers_serial_rivers_small_a,
          minmay_between
D:3:      layout_basic

Skill      XL: |  1  2  3 |
---------------+----------+-----
Stealth        | 3 |  3.3
Conjurations   | 5 |  5.2
Fighting       | 1 |  1.1
Dodging        | |  2.4
Spellcasting   | |  3.8

Action                     |  1- 3 |  4- 6 || total
---------------------------+-------+-------++-------
   Cast: Magic Dart        |    65 |     7 ||    72
         Searing Ray       |     1 |       ||     1
    Use: Scroll            |     3 |       ||     3
 Armour: Robe              |     4 |     4 ||     8
  Dodge: Dodged            |     5 |     5 ||    10

Table legend: (Time is in decaauts)
 A = Elapsed time spent in this place.
 B = Non-inter-level travel time spent in this place.
 C = Inter-level travel time spent in this place.
 D = Time resting spent in this place.
 E = Time spent auto-exploring this place.
 F = Levels seen in this place.
 G = Mean time per level.
                   A        B        C        D        E       F      G
               +--------+--------+--------+--------+--------+-----+--------+
         Total |   1981 |   1908 |     73 |      0 |   1663 |   3 |  660.3 |
       Dungeon |   1981 |   1908 |     73 |      0 |   1663 |   3 |  660.3 |
               +--------+--------+--------+--------+--------+-----+--------+

Top non-repeatable levels by time:
     D:2: 1115 daAuts
     D:1: 577 daAuts
     D:3: 289 daAuts
